 Dungeon Crawl Stone Soup version 0.29.0-5-ge4962eb29e (webtiles) character file.

Game seed: 5170222948029990775

96 BritishOli the Trooper (level 4, -3/37 HPs)
             Began as a Demonspawn Fighter on Aug 28, 2022.
             Slain by a gnoll
             ... wielding a +0 halberd
              (9 damage)
             ... on level 3 of the Dungeon.
             The game lasted 00:04:18 (2680 turns).

BritishOli the Trooper (Demonspawn Fighter)         Turns: 2680, Time: 00:04:18

Health: -3/37      AC:  8    Str: 14    XL:     4   Next: 41%
Magic:  4/4        EV:  8    Int:  9    God:
Gold:   89         SH: 10    Dex: 18    Spells: 3/3 levels left

rFire   . . .      SeeInvis .   a - +0 long sword
rCold   . . .      Faith    .   c - +0 buckler
rNeg    . . .      Spirit   .   b - +0 scale mail
rPois   .          Reflect  +   (no helmet)
rElec   .          Harm     .   (no cloak)
rCorr   .          Rampage  .   (no gloves)
Will    .....                   f - +0 pair of boots
Stlth   ..........              s - amulet of Efutid {Reflect Str-4 Dex+5 SH+5}
HPRegen 0.12/turn               (no ring)
MPRegen 0.09/turn               (no ring)

@: no status effects
A: hooves 1, powered by death 1
a: no special abilities


You were on level 3 of the Dungeon.
You visited 1 branch of the dungeon, and saw 3 of its levels.

You collected 89 gold pieces.

Inventory:

Hand Weapons
 a - a +0 long sword (weapon)
Missiles
 q - 3 javelins (quivered)
Armour
 b - a +0 scale mail (worn)
 c - a +0 buckler (worn)
 f - a +0 pair of boots (worn)
Jewellery
 m - a ring of wizardry
 s - the amulet of Efutid (around neck) {Reflect Str-4 Dex+5 SH+5}
   (You found it on level 3 of the Dungeon)

   [amulet of reflection]

   It reflects blocked missile attacks.
   Str:       It affects your strength (-4).
   Dex:       It affects your dexterity (+5).
   SH:        It affects your SH (+5).
Scrolls
 g - 4 scrolls of identify {unknown}
 h - 2 scrolls of immolation {unknown}
 i - a scroll of amnesia {unknown}
 j - a scroll of teleportation {unknown}
 l - a scroll of magic mapping {unknown}
 r - a scroll of enchant weapon {unknown}
Potions
 d - a potion of might
 e - 3 potions of curing
 k - a potion of brilliance {unknown}
 n - a potion of haste {unknown}
 o - a potion of degeneration {unknown}
 p - a potion of invisibility {unknown}


   Skills:
 + Level 3.6 Fighting
 + Level 2.5 Long Blades
 + Level 3.3 Armour
 + Level 3.3 Shields


You had 3 spell levels left.
You didn't know any spells.
Your spell library contained the following spells:

 Spells                   Type           Power      Damage    Failure   Level
 Sublimation of Blood     Necr           0%         N/A       97%         2
 Petrify                  Tmut/Erth      0%         N/A       100%        4
 Irradiate                Conj/Tmut      0%         3d11      100%        5


Dungeon Overview and Level Annotations

Branches:
Dungeon (3/15)

Altars:

Shops:
D:1 [?!??


Innate Abilities, Weirdness & Mutations

You have large cloven feet.
You regenerate a little health from kills.


Message History

The adder bites you but does no damage.
You closely miss the adder.
The adder is heavily wounded.
The adder barely misses you. The gnoll barely misses you.
The gnoll hits you from afar with a +0 spear!
* * * LOW HITPOINT WARNING * * *
The adder bites you.
* * * LOW HITPOINT WARNING * * *
The adder attacks as you move away! The adder bites you but does no damage.
You block the adder's attack. The adder attacks as you move away!
The adder bites you but does no damage. The adder bites you.
* * * LOW HITPOINT WARNING * * *
The adder attacks as you move away! You block the adder's attack.
The adder attacks as you move away! The adder bites you.
* * * LOW HITPOINT WARNING * * *
You are poisoned.
The adder poisons you!
You feel sick.
You feel sick. You block the adder's attack.
You feel sick.
The gnoll shouts!
It was a potion of curing.
You feel better. You block the adder's attack.
The gnoll attacks as you move away! The gnoll hits you with a +0 whip.
* * * LOW HITPOINT WARNING * * *
The adder attacks as you move away!
The adder bites you but does no damage. x2
The adder attacks as you move away! The adder barely misses you.
You block the gnoll's attack. The gnoll closely misses you.
The gnoll attacks as you move away! You block the gnoll's attack.
The gnoll hits you but does no damage. The adder bites you but does no damage.
The adder attacks as you move away! You block the adder's attack.
You block the gnoll's attack. x2
There is a stone staircase leading up, spattered with blood here.
You can't go down here!
The adder bites you but does no damage. You block the adder's attack.
The gnoll hits you from afar with a +0 spear.
* * * LOW HITPOINT WARNING * * *
You block the gnoll's attack.
The gnoll hits you from afar with a +0 halberd!
You die...

.# ###.# #####...#
########..gg...#
#........# #...#
#........####gg#
#........##..#>#
#........##.#..#
#@.g.....##.##.#
#Sgg<..........#
###.gg......#.####
#.....).....#.#
#.......#...#.#
#.#.........#.#
#######
###.#.........#.#
<.....#
.......#..#.....#
.####.#
##...........###


You could see 5 gnolls and an adder.

Vanquished Creatures
  2 gnolls (D:2)
  3 adders
  6 ball pythons
  5 endoplasms
  5 goblins
  7 hobgoblins
  3 jackals (D:2)
  4 kobolds
  A quokka (D:1)
  5 bats
  2 frilled lizards
  7 rats
50 creatures vanquished.

Notes
Turn   | Place    | Note
-------+----------+-------------------------------------------
     0 | D:1      | BritishOli the Demonspawn Fighter began the quest for the
                  | Orb.
     0 | D:1      | Reached XP level 1. HP: 18/18 MP: 1/1
     5 | D:1      | Found Xuzedics's Magic Scroll Shop.
   381 | D:1      | Found Saag's Magic Scroll Shoppe.
   407 | D:1      | Gained mutation: You have large cloven feet. [demonic
                  | ancestry]
   407 | D:1      | Reached XP level 2. HP: 24/24 MP: 2/2
   522 | D:1      | Found a faded altar of an unknown god.
   532 | D:1      | Found Ofifioc's Magic Scroll Boutique.
   567 | D:1      | Found Cohu's Distillery.
   696 | D:1      | Found Cyopp's Armour Shop.
  1192 | D:2      | Reached XP level 3. HP: 25/29 MP: 3/3
  2222 | D:2      | Gained mutation: You regenerate a little health from kills.
                  | [demonic ancestry]
  2222 | D:2      | Reached XP level 4. HP: 5/35 MP: 4/4
  2625 | D:3      | Identified the amulet of Efutid {Reflect Str-4 Dex+5 SH+5}
  2680 | D:3      | Slain by a gnoll

Illustrated notes

Levels and vault maps discovered:
D:1:      minmay_arrival_three_doors, layout_basic, serial_shops, shop, shop,
          nicolae_shop_hallway_plus, shop, nicolae_shop_hallway_stairs,
          basic_ecumenical_altar
D:2:      layout_loops_cross, wad_floor_pattern_2
D:3:      layout_loops_cross

Skill      XL: |  1  2 |
---------------+-------+-----
Long Blades    | 2 |  2.5
Armour         | 3 |  3.3
Shields        | 3 |  3.3
Fighting       | |  3.6

Action                   |  1- 3 |  4- 6 || total
-------------------------+-------+-------++-------
Melee: Long sword        |   140 |    22 ||   162
  Use: Potion            |       |     1 ||     1
Armor: Scale mail        |    72 |    20 ||    92
Dodge: Dodged            |    88 |    16 ||   104
Block: Buckler           |    41 |    22 ||    63
